 Dungeon Crawl Stone Soup version 0.22-a0-271-gc000056a37 (webtiles) character file.

3700 Manul the Covert (level 9, -6/68 HPs)
             Began as a Demonspawn Assassin on Mar 10, 2018.
             Was an Initiate of Gozag.
             Mangled by Execuda's ghost (16 damage)
             ... on level 9 of the Dungeon.
             The game lasted 00:08:56 (7210 turns).

Manul the Covert (Demonspawn Assassin)              Turns: 7210, Time: 00:08:56

Health: -6/68      AC: 10    Str: 11    XL:     9   Next: 91%
Magic:  9/9        EV: 19    Int: 14    God:    Gozag
Gold:   1218       SH:  0    Dex: 22    Spells: 8/8 levels left

rFire    . . .     SeeInvis .   D - +4 quarterstaff (chaos)
rCold    + + .     Gourm    .   (shield currently unavailable)
rNeg     . . .     Faith    .   m - +0 ring mail
rPois    +         Spirit   .   (no helmet)
rElec    .         Reflect  .   x - +0 cloak {rPois}
rCorr    .         Harm     +   i - +0 pair of gloves
MR       .....     Clarity  +   (no boots)
Stlth    ++++++....             z - amulet of the Catamount {Harm *Drain rC+}
HPRegen  0.21/turn              E - ring of stealth
MPRegen  0.11/turn              B - +1 ring of protection

@: agile, hasted, very quick
A: hooves 2, clarity, cold resistance 1, spiny 1, rot immunity, sturdy frame 1
a: Potion Petition, Call Merchant, Bribe Branch, Renounce Religion


You were on level 9 of the Dungeon.
You worshipped Gozag.
Gozag was most pleased with you.
You were not hungry.

You visited 1 branch of the dungeon, and saw 9 of its levels.

You collected 1230 gold pieces.
You paid 12 gold pieces to Gozag.

Inventory:

Hand Weapons
 b - a +0 blowgun
 q - a +3 dagger
 D - a +4 quarterstaff of chaos (weapon)
 F - a +1 dagger of venom
 G - a +2 whip of venom
Missiles
 e - 8 poisoned needles
 f - 6 curare-tipped needles
 y - 8 needles of sleeping
Armour
 i - a +0 pair of gloves (worn)
 m - a +0 ring mail (worn)
 x - a +0 cloak of poison resistance (worn)
Jewellery
 j - an uncursed amulet of magic regeneration
 z - the amulet of the Catamount (around neck) {Harm *Drain rC+}
   (You found it on level 4 of the Dungeon)

   [amulet of harm]

   It increases damage dealt and taken.
   It protects you from cold.
   It causes draining when unequipped.
 A - an uncursed ring of protection from magic
 B - a +1 ring of protection (right hand)
 E - a ring of stealth (left hand)
Wands
 t - a wand of polymorph (16)
 I - a wand of iceblast (7)
 J - a wand of disintegration (10)
Scrolls
 a - 2 scrolls of noise {unknown}
 c - 3 scrolls of enchant weapon
 d - a scroll of silence {unknown}
 h - 5 scrolls of identify
 k - 8 scrolls of remove curse
 n - 4 scrolls of fear
 p - 2 scrolls of fog
 r - a scroll of enchant armour
 s - 8 scrolls of teleportation
 u - a scroll of random uselessness {unknown}
 v - a scroll of amnesia {unknown}
 w - 2 scrolls of magic mapping
 H - a scroll of blinking {unknown}
Potions
 l - 3 potions of curing
 o - 2 potions of mutation
 C - a potion of brilliance
 K - a potion of agility {unknown}
Comestibles
 g - 10 rations


   Skills:
 + Level 5.3 Fighting
 - Level 4.0 Short Blades
 + Level 3.6 Maces & Flails
 - Level 1.7 Throwing
 + Level 6.4 Armour
 + Level 4.1 Dodging
 + Level 9.2 Stealth


You had 8 spell levels left.
You didn't know any spells.

Dungeon Overview and Level Annotations

Branches:
Dungeon (9/15)             Temple (0/1) D:6
   Lair: D:8-11         Orc: D:9-12

Altars:
Dithmenos
Elyvilon
Fedhas
Gozag
Kikubaaqudgha
Makhleb
Nemelex Xobeh
Qazlal
Ru
Trog
Zin

Annotations:
D:9 Execuda's ghost, novice TrTm


Innate Abilities, Weirdness & Mutations

You have hoof-like feet.
You are partially covered in sharp spines.
You are immune to rotting.
Your movements are slightly less encumbered by armour. (ER -2)
You possess an exceptional clarity of mind.
Your flesh is cold resistant. (rC+)


Message History

Your kick misses Execuda's ghost.
Execuda's ghost is almost destroyed.
Execuda's ghost hits you!
Execuda's ghost whispers, "There is no future for you."
Execuda's ghost is struck by your spines.
Execuda's ghost hits you!
* * * LOW HITPOINT WARNING * * *
Okay, then. [a] - 0 gold - flight, agility and invisibility [b] - 0 gold - haste and agility [c] - 0 gold - haste, flight and resistance Purchase which effect?
You feel yourself speed up.
You feel agile all of a sudden.
Execuda's ghost is struck by your spines.
Execuda's ghost hits you.
* * * LOW HITPOINT WARNING * * *
Execuda's ghost hits you!
You die...
Your body crumbles into a pile of gold.

....#.# ########### #
..#.#.### #.#........ .
........#####......... .#
....#.#.#.........#####.#.(
>..........................
......#.#.....#.#.#...#.#.
....<......)#.#.#.#...#.#
....#.#.#.#####.#.#.....#.
...............W@..........
#.#.#.#.#......####.#####..
#.#.#.#.######.# .... . #
#.#.#.# #.# #.### #.#.#.#
#. #.# #<#.#.# #. #.# #.#.#
#. #.# #. .# #. .#


You could see Execuda's ghost.

Vanquished Creatures
  Erica (D:8)
  A hippogriff (D:8)
  A spriggan (D:7)
  The ghost of NooBeakApe the Poker, an amateur NaMo of Makhleb (D:3)
  A hungry ghost (D:7)
  An ice beast (D:8)
  An orc warrior (D:7)
  3 sky beasts
  A phantom (D:6)
  3 ogres
  A necrophage (D:6)
  5 centaurs
  A bullfrog (D:7)
  3 scorpions
  2 vampire bats (D:4)
  A howler monkey (D:4)
  3 crimson imps
  A bullfrog zombie (D:5)
  3 hounds
  A quasit (D:8)
  A jelly (D:8)
  5 orc wizards
  Crazy Yiuf (D:3)
  An iguana (D:5)
  6 worker ants
  A hound skeleton (D:7)
  6 adders
  2 shadow imps (D:8)
  An adder zombie (D:7)
  2 worms
  6 dart slugs
  8 leopard geckos
  17 orcs
  A ball python (D:2)
  7 bats
  4 bat skeletons (D:4)
  2 bat zombies (D:4)
  3 giant cockroaches
  8 goblins
  4 hobgoblins
  13 jackals
  5 quokkas
  A ball python skeleton (D:5)
  5 frilled lizards
  6 kobolds
  A leopard gecko skeleton (D:6)
  A quokka skeleton (D:4)
  9 rats
162 creatures vanquished.

Notes
Turn   | Place    | Note
-------+----------+-------------------------------------------
     0 | D:1      | Manul the Demonspawn Assassin began the quest for the Orb.
     0 | D:1      | Reached XP level 1. HP: 16/16 MP: 1/1
   188 | D:1      | Reached skill level 4 in Stealth
   346 | D:1      | Gained mutation: You have large cloven feet. [demonic ancestry]
   346 | D:1      | Reached XP level 2. HP: 16/22 MP: 2/2
   996 | D:2      | Gained mutation: You are partially covered in sharp spines. [demonic ancestry]
   996 | D:2      | Reached XP level 3. HP: 23/27 MP: 3/3
  1207 | D:2      | Reached skill level 1 in Dodging
  1918 | D:3      | Gained mutation: Your flesh is cold resistant. (rC+) [potion of mutation]
  1918 | D:3      | Gained mutation: You possess an exceptional clarity of mind. [potion of mutation]
  1918 | D:3      | Gained mutation: You have hoof-like feet. [potion of mutation]
  1921 | D:3      | Found a burning altar of Makhleb.
  1925 | D:3      | Noticed NooBeakApe's ghost (amateur NaMo)
  1935 | D:3      | Reached XP level 4. HP: 15/33 MP: 4/4
  2151 | D:3      | Found an opulent altar of Gozag.
  2160 | D:3      | Became a worshipper of Gozag Ym Sagoz the Greedy
  2231 | D:3      | Reached skill level 5 in Stealth
  2437 | D:4      | Noticed an ogre
  2445 | D:4      | Killed an ogre
  2445 | D:4      | Reached skill level 1 in Armour
  2445 | D:4      | Gained mutation: You are immune to rotting. [demonic ancestry]
  2445 | D:4      | Reached XP level 5. HP: 38/38 MP: 5/5
  2478 | D:4      | Got a vibrating sapphire amulet
  2506 | D:4      | Identified the amulet of the Catamount {Harm *Drain rC+} (You found it on level 4 of the Dungeon)
  2554 | D:4      | Found an ancient bone altar of Kikubaaqudgha.
  2562 | D:4      | Gained mutation: Your movements are slightly less encumbered by armour. (ER -2) [demonic ancestry]
  2562 | D:4      | Reached XP level 6. HP: 46/46 MP: 6/6
  3297 | D:3      | Killed NooBeakApe's ghost
  3297 | D:3      | Reached skill level 6 in Stealth
  3348 | D:3      | Found a runed door.
  3559 | D:3      | Noticed Crazy Yiuf
  3571 | D:3      | Killed Crazy Yiuf
  3571 | D:3      | Mutation became permanent: You have large cloven feet. [demonic ancestry]
  3571 | D:3      | Gained mutation: You have hoof-like feet. [demonic ancestry]
  3571 | D:3      | Reached XP level 7. HP: 21/51 MP: 7/7
  3713 | D:5      | Entered Level 5 of the Dungeon
  3826 | D:5      | Found a shadowy altar of Dithmenos.
  3927 | D:5      | Reached skill level 7 in Stealth
  4344 | D:6      | Found a white marble altar of Elyvilon.
  4344 | D:6      | Found a glowing silver altar of Zin.
  4345 | D:6      | Found a shadowy altar of Dithmenos.
  4345 | D:6      | Found a stormy altar of Qazlal.
  4346 | D:6      | Found a blossoming altar of Fedhas.
  4346 | D:6      | Found a sacrificial altar of Ru.
  4353 | D:6      | Found a sparkling altar of Nemelex Xobeh.
  4373 | D:6      | Reached XP level 8. HP: 41/58 MP: 8/8
  4551 | D:6      | Found a staircase to the Ecumenical Temple.
  4971 | D:6      | Noticed a moth of wrath
  4974 | D:6      | Found a bloodstained altar of Trog.
  5277 | D:7      | Reached skill level 5 in Armour
  5277 | D:7      | Reached skill level 8 in Stealth
  5343 | D:7      | Reached XP level 9. HP: 66/66 MP: 9/9
  6343 | D:8      | Reached skill level 1 in Maces & Flails
  6811 | D:8      | Noticed Erica
  6820 | D:8      | Killed Erica
  6820 | D:8      | Reached skill level 5 in Fighting
  6820 | D:8      | Reached skill level 9 in Stealth
  7194 | D:9      | Noticed Execuda's ghost (novice TrTm)
  7210 | D:9      | Mangled by Execuda's ghost

Vault maps used:
D:1:      arrival_zaba_pyramid
D:2:      first_ration
D:3:      lemuel_crystal_altar, grunt_gozag_statues, serial_bayou,
          serial_bayou_shore_a, serial_bayou_pond_d, serial_bayou_ford_a,
          serial_bayou_pond_d, serial_bayou_pond_e, serial_bayou_crossing,
          uniq_crazy_yiuf_cottage
D:4:      kennysheep_vampire_church
D:5:      nicolae_dithmenos_shadow_blocks
D:6:      tgw_trog, grunt_temple_overflow_open, minmay_temple_entry_metal_lava,
          glass_columns_a
D:7:      the_bakery
D:8:      uniq_erica
D:9:      kennysheep_mini, lair_entry_dummy, david_orc_2, uniq_psyche

Skill      XL: |  1  2  3  4  5  6  7  8  9 |
---------------+----------------------------+-----
Stealth        | 4 5 6 7 8 9 |  9.2
Short Blades   | 2 3 4 |  4.0
Dodging        | 1 2 3 4 |  4.1
Armour         | 1 2 3 5 6 |  6.4
Fighting       | 3 4 5 |  5.3
Maces & Flails | 3 |  3.6
Throwing       | |  1.7

Action                   |  1- 3 |  4- 6 |  7- 9 || total
-------------------------+-------+-------+-------++-------
Melee: Dagger            |    95 |    77 |   171 ||   343
       Kick              |     9 |    16 |    83 ||   108
       Whip              |       |       |    87 ||    87
       Quarterstaff      |       |       |     6 ||     6
 Fire: Blowgun           |       |       |     1 ||     1
Invok: Potion Petition   |       |       |     1 ||     1
  Use: Scroll            |     2 |     5 |     4 ||    11
       Potion            |     1 |     1 |     5 ||     7
 Stab: Sleeping          |     2 |     9 |    16 ||    27
       Invisible         |       |     1 |       ||     1
       Distracted        |       |       |     1 ||     1
  Eat: Chunk             |     3 |     1 |       ||     4
       Ration            |       |     1 |     5 ||     6
Armor: Robe              |     8 |       |       ||     8
       Ring mail         |    19 |    23 |    76 ||   118
Dodge: Dodged            |    47 |    32 |   113 ||   192

Table legend:
 A = Spawn XP
 B = Non-spawn XP
 C = Spawn XP percentage of total XP
 D = Spawn monster count
 E = Non-spawn monster count
 F = Spawn count percentage of total count
 G = Total turns spent on level
                    A         B        C        D         E        F      G
               +---------+---------+-------+---------+---------+-------+---------
         Total |       0 |    5286 |   0.0 |       0 |     162 |   0.0 |  7210
               +---------+---------+-------+---------+---------+-------+---------
           D:1 |       0 |      28 |   0.0 |       0 |      13 |   0.0 |   903
           D:2 |       0 |      64 |   0.0 |       0 |      20 |   0.0 |  1231
           D:3 |       0 |     296 |   0.0 |       0 |      25 |   0.0 |  1043
           D:4 |       0 |     356 |   0.0 |       0 |      18 |   0.0 |   536
           D:5 |       0 |     407 |   0.0 |       0 |      17 |   0.0 |   669
           D:6 |       0 |    1041 |   0.0 |       0 |      25 |   0.0 |   746
           D:7 |       0 |    1193 |   0.0 |       0 |      22 |   0.0 |  1188
           D:8 |       0 |    1811 |   0.0 |       0 |      18 |   0.0 |   833
           D:9 |       0 |      90 |   0.0 |       0 |       4 |   0.0 |    61
               +---------+---------+-------+---------+---------+-------+---------
